 Dungeon Crawl Stone Soup version 0.31.0-9-g3a7656b989 (webtiles) character file.

Game seed: 11962139525461297713

1409 RKaid the Covert (level 8, -22/57 HPs)
             Began as an Octopode Delver on Jan 31, 2024.
             Was an Initiate of Elyvilon.
             Shot with an arrow by a centaur warrior (32 damage)
             ... on level 8 of the Dungeon on Feb 1, 2024.
             The game lasted 00:31:35 (6211 turns).

RKaid the Covert (Octopode Delver)                  Turns: 6211, Time: 00:31:36

Health: -22/57     AC:  5    Str: 11    XL:     8   Next: 70%
Magic:  0/8        EV: 15    Int: 12    God:    Elyvilon [......]
Gold:   384        SH:  0    Dex: 16    Spells: 6/7 levels left

rFire   . . .        a - +0 spear
rCold   . . .        (no shield)
rNeg    . . .        (helmet restricted)
rPois   .            f - amulet of regeneration
rElec   .            u - ring of willpower
rCorr   .            z - ring of flight {+Fly}
SInv    .            K - +4 ring of protection
Will    +....        (no ring)
Stlth   +++++        (no ring)
HPRegen 1.09/turn    (no ring)
MPRegen 0.11/turn    (no ring)
                     (no ring)

%: no passive effects
@: flying
A: almost no armour, amphibious, 8 rings, camouflage 1, gelatinous body 1,
(nimble swimmer 1), tentacles
a: Renounce Religion


You were on level 8 of the Dungeon.
You worshipped Elyvilon.
Elyvilon was noncommittal.
You visited 2 branches of the dungeon, and saw 9 of its levels.

You collected 428 gold pieces.
You spent 44 gold pieces at shops.

Inventory:

Hand Weapons
 a - a +0 spear (weapon)
 b - a +1 vampiric scythe
   (You found it on level 4 of the Dungeon)
 y - a +2 short sword of holy wrath
   (You took it off an orc on level 7 of the Dungeon)
 B - a +5 dagger
   (You took it off a kobold on level 4 of the Dungeon)
Missiles
 H - a throwing net {=f}
Magical Staves
 i - a staff of cold {rC+}
   (You found it on level 6 of the Dungeon)
Jewellery
 f - an amulet of regeneration (around mantle)
   (You found it on level 5 of the Dungeon)
 u - a ring of willpower (left tentacle)
   (You found it on level 3 of the Dungeon)
 z - a ring of flight (right tentacle) {+Fly}
   (You found it on level 4 of the Dungeon)
 G - a ring of ice {rC+, rF-}
   (You found it on level 4 of the Dungeon)
 K - a +4 ring of protection (on tentacle)
   (You found it on level 7 of the Dungeon)
Wands
 h - a wand of charming (7)
   (You found it on level 5 of the Dungeon)
 w - a wand of roots (15)
   (You found it on level 3 of the Dungeon)
 D - a wand of digging (3)
 F - a wand of polymorph (10)
   (You found it on level 5 of the Dungeon)
Scrolls
 d - 3 scrolls of fear
 g - a scroll of noise {unknown}
 k - 2 scrolls of revelation
 l - a scroll of blinking {!r}
 m - 2 scrolls of poison {!r}
 o - a scroll of enchant armour {unknown}
 q - a scroll of immolation {!r}
 r - 2 scrolls of vulnerability {!r!r}
 t - 3 scrolls of teleportation
 v - a scroll of brand weapon {unknown}
 C - 2 scrolls of fog
 E - a scroll of acquirement {unknown}
 J - a scroll of torment {unknown}
Potions
 c - 4 potions of curing
 e - 2 potions of haste
 j - 2 potions of enlightenment
 n - 2 potions of cancellation {unknown}
 p - 2 potions of might
 s - a potion of lignification {unknown}
 x - a potion of mutation {unknown}
 A - a potion of brilliance {unknown}
 I - a potion of berserk rage {unknown}


   Skills:
 + Level 5.9 Fighting
 + Level 5.5 Polearms
 + Level 5.5 Dodging
 - Level 9.0 Stealth
 + Level 2.5 Summonings


You had 6 spell levels left.
You knew the following spells:

 Your Spells              Type           Power      Damage    Failure   Level
a - Summon Small Mammal   Summ           24%        N/A       12%         1

Your spell library contained the following spells:

 Spells                   Type           Power      Damage    Failure   Level
 Apportation              Tloc           0%         N/A       32%         1
 Necrotise                Necr           0%         1d4       32%         1
 Sting                    Conj/Alch      0%         1d3       32%         1
 Summon Ice Beast         Ice/Summ       3%         N/A       52%         3
 Summon Mana Viper        Hex/Summ       3%         N/A       99%         5
 Monstrous Menagerie      Summ           3%         N/A       100%        7


Dungeon Overview and Level Annotations

Branches:
Dungeon (8/15)             Temple (1/1) D:7
   Lair: D:8-11

Altars:
Cheibriados
Dithmenos
Elyvilon
Fedhas
Hepliaklqana
Qazlal
Ru
Sif Muna
Uskayaw
Wu Jian
Xom
Yredelemnul
Zin

Shops:
D:6 [*

Annotations:
D:3 1 runed translucent door, Crazy Yiuf
D:6 3 runed translucent doors, IkaDoka's ghost, novice DsGl
D:7 exclusion: sky beast


Innate Abilities, Weirdness & Mutations

You cannot wear most types of armour.
You are amphibious.
You can wear up to eight rings at the same time.
Your skin changes colour to match your surroundings (Stealth+).
Your rubbery body absorbs attacks. (AC +1, EV +1)
((You are camouflaged when in or above water. (Stealth+)))
You have tentacles for arms and can constrict up to eight enemies at once.


Message History

You reach to attack!
You barely miss the orc warrior. You hit the orc warrior.
Your grab misses the orc warrior. You closely miss the orc warrior.
You grab the orc warrior. You squeeze the orc warrior.
You constrict the orc warrior, but do no damage.
The orc warrior unwields a +0 orcbow.
The orc warrior wields a +0 trident.
The orc warrior hits you with a +0 trident!
You hit the orc warrior but do no damage.
You constrict the orc warrior, but do no damage.
The orc warrior hits you with a +0 trident.
You hit the orc warrior but do no damage.
You squeeze the orc warrior, but do no damage.
You constrict the orc warrior. The orc warrior closely misses you.
You hit the orc warrior but do no damage.
You constrict the orc warrior.
You hit the orc warrior but do no damage.
You squeeze the orc warrior.
You constrict the orc warrior, but do no damage.
The orc warrior misses you.
You hit the orc warrior but do no damage.
You constrict the orc warrior, but do no damage.
The orc warrior hits you with a +0 trident!
You completely miss the orc warrior. You constrict the orc warrior.
The orc warrior hits you with a +0 trident!
* * * LOW HITPOINT WARNING * * *
You hit the orc warrior but do no damage.
You constrict the orc warrior. The orc warrior misses you.
You hit the orc warrior but do no damage.
You squeeze the orc warrior.
You constrict the orc warrior, but do no damage.
The orc warrior barely misses you.
You hit the orc warrior but do no damage.
You constrict the orc warrior.
You hit the orc warrior but do no damage.
You constrict the orc warrior.
The orc warrior hits you with a +0 trident.
* * * LOW HITPOINT WARNING * * *
You hit the orc warrior. You constrict the orc warrior.
The orc warrior hits you with a +0 trident!
Elyvilon protects you from harm!
You hit the orc warrior. You constrict the orc warrior.
You kill the orc warrior!
Items here: ))) [ †.
There is a stone staircase leading up, spattered with blood here.
You start resting.
Items here: ( ))) [ †.
Okay, then.
A vampire mosquito comes into view.
c - 4 potions of curing (gained 1)
A troll comes into view.
You reach to attack!
The helpless vampire mosquito fails to defend itself.
You hit the vampire mosquito. The vampire mosquito bites you.
The vampire mosquito draws strength from your injuries!
You hit the vampire mosquito. You grab the vampire mosquito.
You squeeze the vampire mosquito!
You constrict the vampire mosquito, but do no damage.
The troll shouts!
You hear a shout! x3
The vampire mosquito closely misses you.
A cyclops comes into view.
You release your grip on the vampire mosquito.
The vampire mosquito closely misses you.
You hit the vampire mosquito. Your grab misses the vampire mosquito.
The vampire mosquito misses you.
A centaur warrior comes into view. It is wielding a staff of conjuration.
The vampire mosquito bites you but does no damage.
You hit the vampire mosquito but do no damage.
Your grab misses the vampire mosquito. You squeeze the vampire mosquito.
The vampire mosquito bites you but does no damage.
The vampire mosquito attacks as it pursues you!
The vampire mosquito bites you!
The vampire mosquito draws strength from your injuries!
The vampire mosquito bites you.
The vampire mosquito draws strength from your injuries!
A gnoll comes into view. It is wielding a +0 spear.
The vampire mosquito barely misses you.
The vampire mosquito attacks as it pursues you!
The vampire mosquito misses you. The vampire mosquito bites you!
The vampire mosquito draws strength from your injuries!
The vampire mosquito misses you.
The vampire mosquito attacks as it pursues you!
The vampire mosquito bites you.
The vampire mosquito draws strength from your injuries!
The vampire mosquito bites you.
The vampire mosquito draws strength from your injuries!
The vampire mosquito bites you.
The vampire mosquito draws strength from your injuries!
The centaur warrior wields a +2 antimagic orcbow.
The centaur warrior shoots an arrow.
The arrow hits you.
You feel your power leaking away.
The centaur warrior shoots an arrow.
The arrow closely misses you.
Items here: ))) [ †.
The centaur warrior shoots an arrow.
The arrow barely misses you.
There is a stone staircase leading up, spattered with blood here.
The centaur warrior shoots an arrow.
The arrow hits you!!
* * * LOW HITPOINT WARNING * * *
You feel your power leaking away.
The centaur warrior shoots an arrow.
The arrow hits you!!
Ouch! That really hurt!
You die...

# #### .# .#.#..#
#####.....K.
#######@##........
..)....)).........
.................K
###...............
#.####c......####
#. #..y#######..
.#..#.g### .# #.
####..# #
##...##...#


You could see a centaur warrior, a vampire mosquito and a gnoll.

Vanquished Creatures
  Grinder (D:6)
  An orc warrior (D:8)
  A kobold brigand (D:7)
  A scorpion (D:5)
  3 bombardier beetles
  4 hounds
  3 orc priests
  A jelly (D:4)
  A sleepcap (D:5)
  2 iguanas
  4 orc wizards
  Natasha (thrice) (D:3)
  4 adders
  5 gnolls (D:4)
  3 shadow imps
  An ufetubus (D:5)
  4 dart slugs
  4 ribbon worms
  19 orcs
  18 ball pythons
  2 bats
  13 endoplasms
  4 giant cockroaches
  8 goblins
  5 hobgoblins
  21 kobolds
  2 quokkas
  3 frilled lizards
  8 rats
149 creatures vanquished.

Vanquished Creatures (collateral kills)
  2 gnolls (D:4)
2 creatures vanquished.

Vanquished Creatures (others)
  Sigmund (D:4)
  An ice beast (D:4)
2 creatures vanquished.

Grand Total: 153 creatures vanquished

Notes
Turn   | Place    | Note
-------+----------+-------------------------------------------
     0 | D:5      | RKaid the Octopode Delver began the quest for the Orb.
     0 | D:5      | Reached XP level 1. HP: 16/16 MP: 1/1
    24 | D:5      | Noticed a bombardier beetle
    53 | D:5      | Noticed a sleepcap
    65 | D:4      | Noticed an ice beast
    77 | D:3      | Noticed a bombardier beetle
   199 | D:2      | Reached XP level 2. HP: 21/21 MP: 2/2
   364 | D:1      | Reached XP level 3. HP: 26/26 MP: 3/3
   628 | D:1      | Reached skill level 7 in Stealth
  1113 | D:2      | Reached XP level 4. HP: 31/31 MP: 4/4
  1420 | D:2      | Found a faded altar of an unknown god.
  1451 | D:2      | Reached skill level 3 in Polearms
  1451 | D:2      | Reached skill level 3 in Dodging
  1707 | D:3      | Reached XP level 5. HP: 35/37 MP: 5/5
  1805 | D:3      | Noticed Natasha
  1817 | D:3      | Killed Natasha
  1931 | D:3      | Reached skill level 4 in Fighting
  1960 | D:3      | Reached XP level 6. HP: 27/43 MP: 6/6
  2279 | D:3      | Noticed Natasha
  2282 | D:3      | Killed Natasha
  2299 | D:3      | Identified the +0 leather armour "Obbenucs" {rPois rCorr
                  | Str-5 Slay+2}
  2396 | D:3      | Found a runed translucent door.
  2397 | D:3      | Noticed Crazy Yiuf
  2467 | D:3      | Reached skill level 8 in Stealth
  2477 | D:3      | Noticed Natasha
  2487 | D:3      | Killed Natasha
  2789 | D:4      | Noticed Sigmund
  2971 | D:4      | Your ally Sigmund died
  2972 | D:4      | Reached skill level 4 in Polearms
  2972 | D:4      | Reached skill level 4 in Dodging
  2972 | D:4      | Reached XP level 7. HP: 49/49 MP: 7/7
  3074 | D:4      | Found a glowing silver altar of Zin.
  3900 | D:5      | Reached skill level 5 in Fighting
  3978 | D:5      | Reached skill level 9 in Stealth
  4150 | D:6      | Noticed Grinder
  4283 | D:6      | Found a runed translucent gate.
  4283 | D:6      | Noticed IkaDoka's ghost (novice DsGl)
  4284 | D:6      | Found a runed translucent gate.
  4284 | D:6      | Noticed a kobold demonologist
  4285 | D:6      | Found a runed translucent gate.
  4376 | D:6      | Found Hociclia's General Store.
  4381 | D:6      | Bought a scroll of poison for 44 gold pieces
  4460 | D:6      | Found Cuilar's Antique Armour Boutique.
  4478 | D:6      | Learned a level 1 spell: Summon Small Mammal
  4562 | D:6      | Reached XP level 8. HP: 36/55 MP: 8/8
  4666 | D:6      | Killed Grinder
  4667 | D:6      | Reached skill level 5 in Polearms
  4667 | D:6      | Reached skill level 5 in Dodging
  4667 | D:6      | Reached skill level 1 in Summonings
  4808 | D:6      | HP: 12/56 [orc warrior/+0 glaive (10)]
  5425 | D:7      | Reached skill level 2 in Summonings
  5539 | D:7      | Found a staircase to the Ecumenical Temple.
  5562 | Temple   | Entered the Ecumenical Temple
  5574 | Temple   | Became a worshipper of Elyvilon the Healer
  5791 | D:7      | Found a stormy altar of Qazlal.
  6132 | D:8      | HP: 12/57 [orc warrior/+0 trident (9)]
  6137 | D:8      | Elyvilon protects you from harm!
  6195 | D:8      | Noticed a troll
  6197 | D:8      | Noticed a cyclops
  6199 | D:8      | Noticed a centaur warrior
  6211 | D:8      | HP: 10/57 [centaur warrior/arrow (26)]
  6211 | D:8      | Shot with an arrow by a centaur warrior

Illustrated notes

Levels and vault maps discovered:
D:1:      spicycebolla_green_bress_n_ham, layout_loops_ring
D:2:      minmay_kobold_bridge, layout_basic, basic_ecumenical_altar,
          nicolae_concentric_dashed_squares_mild, minmay_misc_feat_iff
D:3:      minmay_bubble_buster, layout_basic, uniq_natasha,
          uniq_crazy_yiuf_cottage
D:4:      layout_rooms, mainiacjoe_overflow_chevrons, enter_ossuary_5,
          uniq_sigmund
D:5:      layout_basic, kennysheep_small_circle
D:6:      layout_loops_cross, gammafunk_ghost_nasty_kobolds, serial_shops, shop,
          shop, uniq_grinder
D:7:      layout_loops_corners, general_overflow_altar,
          minmay_temple_entry_overgrown
D:8:      minmay_ornate_pinched, layout_cave_pools, old_standard_altar,
          grunt_temple_overflow_diamond, minivault_14
Temple:   minmay_freezing_vapour_temple

Skill      XL: |  1  2  3  4  5  6  7  8 |
---------------+-------------------------+-----
Stealth        | 7 8 9 |  9.0
Polearms       | 3 4 5 |  5.5
Dodging        | 3 4 5 |  5.5
Fighting       | 4 5 |  5.9
Summonings     | 2 |  2.5

Action                     |  1- 3 |  4- 6 |  7- 9 || total
---------------------------+-------+-------+-------++-------
  Melee: Spear             |    98 |   166 |   229 ||   493
         Constrict         |    14 |    29 |    38 ||    81
         Tentacles         |    10 |    18 |    52 ||    80
         Punch             |       |     2 |     4 ||     6
   Cast: Summon Small Mamm |       |       |     1 ||     1
  Evoke: Wand              |       |     4 |     4 ||     8
    Use: Scroll            |       |       |     8 ||     8
   Stab: Sleeping          |    18 |    16 |    17 ||    51
         Distracted        |       |     1 |       ||     1
 Armour: Skin              |    13 |    33 |    81 ||   127
  Dodge: Dodged            |    36 |    60 |   105 ||   201

Table legend: (Time is in decaauts)
 A = Elapsed time spent in this place.
 B = Non-inter-level travel time spent in this place.
 C = Inter-level travel time spent in this place.
 D = Time resting spent in this place.
 E = Time spent auto-exploring this place.
 F = Levels seen in this place.
 G = Mean time per level.
                   A        B        C        D        E       F      G
               +--------+--------+--------+--------+--------+-----+--------+
         Total |   6166 |   5848 |    318 |    286 |   3522 |   9 |  685.1 |
       Dungeon |   6148 |   5830 |    318 |    286 |   3522 |   8 |  768.5 |
        Temple |     17 |     17 |      0 |      0 |      0 |   1 |   17.0 |
               +--------+--------+--------+--------+--------+-----+--------+

Top non-repeatable levels by time:
     D:7: 990 daAuts
     D:6: 946 daAuts
     D:3: 944 daAuts
     D:5: 894 daAuts
     D:2: 814 daAuts
     D:1: 794 daAuts
     D:4: 649 daAuts
     D:8: 115 daAuts
  Temple: 17 daAuts

Table legend:
 A = Kills in this place as a percentage of kills in the entire game.
 B = Kills by you in this place as a percentage of kills by you in the entire game.
 C = Kills by friends in this place as a percentage of kills by friends in the entire game.
 D = Other kills in this place as a percentage of other kills in the entire game.
 E = Experience gained in this place as a percentage of experience gained in the entire game.
 F = Experience gained in this place divided by the number of levels of this place that you have seen.
                   A       B       C       D       E      F
               +-------+-------+-------+-------+-------+----------------------
         Total | 100.0 | 100.0 | 100.0 | 100.0 | 100.0 | 223.7
       Dungeon | 100.0 | 100.0 | 100.0 | 100.0 | 100.0 | 251.6
               +-------+-------+-------+-------+-------+----------------------
